Map: Cosmic Sapphire

Players

ender

  • Race: Terran Terran
  • League: Diamond
  • Spawn Location: 11:00

DankCraft - Winner!

  • Race: Zerg Zerg
  • League: Diamond
  • Spawn Location: 5:00

VOD

Have the link to the VOD?

Description

Time

  • Played on: Dec. 10, 2022, 12:06 a.m.
  • Length: 18:34
Show
View Real Time Build Order
Export as new Build Order

ender Terran 

Build Orders:  

Get SALT Encoding   

  12  0:01  SCV  
  13  0:13  SCV  
  14  0:22  Supply Depot  
  14  0:25  SCV  
  15  0:44  SCV, Barracks  
  16  0:56  SCV, Refinery  
  17  1:15  Barracks  
  17  1:23  SCV  
  18  1:32  Marine  
  19  1:34  Bunker  
  19  1:37  Orbital Command  
  19  1:48  Supply Depot  
  18  1:58  Marine  
  19  2:10  Marine  
  19  2:13  Factory  
  20  2:16  Marine  
  21  2:27  Supply Depot  
  21  2:33  Marine  
  21  2:35  Barracks Reactor  
  22  2:46  Supply Depot  
  22  2:51  Marine  
  22  2:55  SCV  
  22  2:57  Factory Tech Lab  
  24  3:00  Refinery  
  24  3:17  Siege Tank, Marine x2  
  28  3:27  Marine  
  28  3:31  SCV  
  30  3:35  Marine  
  30  3:39  Marine  
  29  3:52  Marine  
  29  3:53  Marine  
  30  3:55  SCV  
  30  3:58  Siege Tank  
  32  4:13  Marine  
  32  4:15  SCV  
  33  4:19  Starport  
  33  4:33  Marine x2  
  35  4:49  Siege Tank  
  35  4:51  Marine  
  39  4:55  Marine  
  37  5:02  Marine  
  38  5:11  Starport Tech Lab  
  38  5:19  Marine  
  39  5:36  Engineering Bay, Supply Depot  
  39  5:58  Raven, Marine  
  42  6:04  Supply Depot  
  42  6:05  Armory  
  42  6:06  Marine  
  42  6:08  Barracks Tech Lab  
  43  6:18  SCV  
  44  6:24  Supply Depot  
  44  6:27  Marine, Stimpack  
  44  6:31  SCV  
  46  6:38  Marine x2  
  48  7:03  Marine x2  
  50  7:28  SCV  
  51  7:31  Marine  
  25  7:53  SCV  
  25  8:10  SCV  
  25  8:12  Marine x2  
  15  8:24  SCV  
  14  8:45  Command Center  
  14  8:50  SCV  
  15  9:02  SCV  
  16  9:08  Marine x2  
  18  9:14  SCV  
  19  9:30  SCV  
  20  9:38  Thor  
  20  9:42  SCV  
  27  9:50  Marine  
  28  9:53  Marine x2  
  30  10:08  Factory  
  30  10:11  Medivac, Marine  
  33  10:16  SCV  
  33  10:19  Marine  
  35  10:29  Orbital Command  
  35  10:30  Marine  
  36  10:48  SCV  
  37  10:53  Thor  
  37  10:56  SCV  
  44  11:07  Marine x2  
  46  11:15  SCV  
  46  11:16  Marine  
  46  11:17  Missile Turret  
  48  11:22  SCV  
  48  11:25  Marine x2  
  49  11:30  Refinery  
  49  11:32  SCV  
  50  11:34  SCV  
  51  11:41  Refinery  
  51  11:44  SCV  
  51  11:46  SCV  
  53  11:50  Missile Turret  
  53  11:56  SCV  
  53  11:58  SCV  
  53  12:00  Marine  
  56  12:08  SCV  
  57  12:10  SCV  
  58  12:17  Command Center  
  55  12:23  SCV  
  55  12:28  Marine x2  
  55  12:29  SCV  
  54  12:30  Medivac  
  54  12:32  Missile Turret  
  54  12:35  SCV, Missile Turret  
  57  12:41  SCV  
  57  12:42  Marine  
  57  12:43  Missile Turret  
  59  12:47  SCV, Siege Tank  
  59  12:48  Marine x2  
  65  12:53  SCV  
  65  12:58  Siege Tank  
  69  12:59  SCV  
  69  13:02  Supply Depot  
  70  13:06  SCV  
  70  13:08  Marine x2  
  70  13:11  SCV  
  74  13:18  SCV  
  75  13:23  SCV  
  74  13:30  SCV  
  75  13:34  Thor  
  75  13:37  Missile Turret  
  81  13:41  Missile Turret, Supply Depot  
  81  13:43  Medivac  
  83  13:49  Orbital Command  
  83  13:52  SCV  
  84  13:57  Barracks Reactor  
  84  14:00  Supply Depot  
  84  14:03  Siege Tank  
  84  14:04  Supply Depot  
  85  14:17  Siege Tank  
  91  14:40  Barracks Reactor  
  91  14:47  Supply Depot  
  91  14:56  Supply Depot  
  91  14:58  Starport Reactor  
  88  15:00  Supply Depot  
  88  15:03  Orbital Command  
  88  15:07  Missile Turret  
  88  15:08  Thor  
  94  15:17  Barracks Reactor  
  94  15:22  Thor  
  99  15:35  Medivac x2  
  101  15:52  Factory Tech Lab  
  98  15:57  SCV x2  
  98  15:58  SCV  
  95  16:05  Marine x2  
  95  16:09  SCV x2, Marine x2  
  95  16:10  SCV  
  102  16:13  Siege Tank  
  102  16:14  Factory Tech Lab  
  102  16:15  Missile Turret  
  102  16:16  Command Center  
  105  16:18  Orbital Command  
  105  16:21  SCV x2  
  100  16:33  SCV  
  82  16:44  SCV  
Show
View Real Time Build Order
Export as new Build Order

DankCraft Zerg - Winner!

Build Orders: Pool First 

Get SALT Encoding   

  12  0:01  Drone  
  13  0:08  Drone  
  14  0:27  Spawning Pool  
  13  0:30  Drone  
  14  0:38  Overlord  
  14  1:07  Hatchery  
  13  1:12  Extractor  
  13  1:17  Drone x3  
  15  1:40  Roach Warren  
  15  1:45  Drone  
  15  1:46  Drone  
  16  2:01  Drone x2  
  18  2:14  Burrow  
  18  2:20  Queen  
  24  2:37  Roach x2  
  24  2:43  Overlord  
  24  2:44  Roach  
  26  3:11  Roach x2  
  30  3:24  Overlord x2  
  30  3:26  Roach x3  
  30  3:28  Hatchery  
  29  3:47  Roach x5  
  29  3:59  Overlord x2  
  29  4:15  Ravager x2  
  31  4:22  Extractor  
  30  4:29  Roach x2  
  30  4:33  Roach x2  
  30  4:41  Queen  
  30  4:42  Roach  
  20  5:04  Roach  
  20  5:05  Drone x6, Queen x2  
  30  5:35  Drone x4, Metabolic Boost  
  34  5:46  Overlord x2  
  34  5:48  Queen  
  34  5:53  Spine Crawler  
  34  5:54  Spine Crawler, Zergling x4  
  34  5:55  Spine Crawler  
  33  6:01  Drone x2  
  35  6:13  Drone x2  
  37  6:19  Drone x6  
  39  6:28  Zergling x4  
  41  6:35  Zergling x2  
  41  6:38  Overlord  
  42  6:48  Zergling x12  
  42  6:49  Zergling x2  
  42  6:50  Zergling x2  
  50  6:58  Zergling x2  
  51  7:03  Drone  
  52  7:10  Zergling x2  
  52  7:13  Zergling x2  
  56  7:30  Zergling x4  
  55  7:40  Zergling x4  
  42  7:46  Zergling x10  
  28  8:13  Drone x4  
  32  8:21  Drone x2  
  34  8:28  Queen  
  34  8:29  Queen  
  34  8:32  Drone x2  
  40  8:42  Hatchery  
  40  8:43  Zergling x4  
  41  8:52  Drone x2  
  41  8:55  Queen  
  43  9:09  Lair  
  43  9:14  Drone x4  
  43  9:15  Drone x16  
  45  9:35  Spore Crawler  
  44  9:41  Zergling x18  
  44  9:44  Baneling Nest  
  52  10:02  Hatchery  
  51  10:23  Extractor  
  51  10:25  Extractor  
  49  10:33  Spire  
  48  10:59  Overlord x3  
  48  11:13  Drone x5  
  48  11:15  Drone x6  
  48  11:16  Drone  
  48  11:17  Drone x2  
  60  11:39  Pneumatized Carapace  
  60  11:44  Mutalisk x10  
  60  11:45  Mutalisk x5, Infestation Pit  
  89  11:56  Mutalisk  
  89  12:00  Drone x9  
  100  12:30  Drone x4  
  100  12:31  Drone x9  
  100  12:32  Glial Reconstitution  
  113  12:39  Drone x4  
  113  12:44  Queen x4  
  117  12:46  Extractor  
  117  12:48  Extractor  
  123  13:12  Pathogen Glands  
  123  13:39  Lair  
  123  13:42  Swarm Host  
  123  13:44  Hive  
  126  13:56  Extractor  
  126  13:57  Extractor  
  124  14:03  Drone x3  
  127  14:16  Roach x2  
  109  14:28  Roach  
  109  14:29  Roach x6  
  121  14:32  Overlord x6  
  121  14:41  Overlord x2  
  121  14:50  Roach x7  
  135  14:57  Roach x5  
  145  15:00  Roach  
  147  15:11  Roach x8  
  163  15:14  Overlord  
  163  15:24  Roach x2  
  135  16:05  Ravager x9  
  135  16:06  Ravager x15  
  135  16:08  Ravager  
  135  16:10  Overlord x3  
Tags
 
Add a new tag
Caveats
  • Supply blocks, unpowered buildings, or Contaminate may cause inaccurate times.
  • Supply counts are checked every 10 seconds.